 Dungeon Crawl Stone Soup version 0.14.0-18-g0341e45 (webtiles) character file.

158114 Maka the Tortoise (level 17, -5/159 HPs)
             Began as a Deep Dwarf Fighter on Apr 19, 2014.
             Was the Champion of Makhleb.
             Slain by a shock serpent (6 damage)
             ... on Level 5 of the Snake Pit on Apr 20, 2014.
             The game lasted 02:53:33 (30248 turns).

Maka the Tortoise (Deep Dwarf Fighter)             Turns: 30248, Time: 02:53:33

HP  -5/159       AC 32     Str 20      XL: 17   Next:  9%
MP  28/28        EV  7     Int 11      God: Makhleb [******]
Gold 2052        SH 29     Dex 17      Spells:  0 memorised, 16 levels left

rFire  + + .     SeeInvis .     a - +1,+4 morningstar (drain)
rCold  + . .     Clarity  .     M - +2 plate armour {rF+}
rNeg   + . .     Conserve +     H - +0 shield
rPois  +         rCorr    .     c - +1 helmet
rElec  .         rRot     .     F - +1 cloak {rC+}
SustAb . .       Spirit   .     B - +1 pair of gloves
rMut   .         Warding  .     t - +2 pair of boots
Saprov . . .     Stasis   .     y - amulet of conservation
MR     ++...                    s - ring "Shrem" {Wiz rPois}
                                x - ring of protection from fire

@: non-regenerating, studying Throwing, hasted, very quick, very resistant to
hostile enchantments, extremely unstealthy
A: damage resistance, recharge devices, life protection 1, sense surroundings 2,
slow healing 3
a: Device Recharging, Minor Destruction, Lesser Servant of Makhleb, Major
Destruction, Greater Servant of Makhleb, Renounce Religion


You were on level 5 of the Snake Pit.
You worshipped Makhleb.
Makhleb was exalted by your worship.
You were not hungry.

You visited 6 branches of the dungeon, and saw 38 of its levels.
You also visited: Labyrinth, Sewer, Bailey and Ice Cave.

You collected 3357 gold pieces.
You spent 1305 gold pieces at shops.

Inventory:

Hand weapons
 a - a +1,+4 morningstar of draining (weapon)
 b - a +1,+1 flail of crushing
Missiles
 n - 3 throwing nets (quivered)
 J - 4 javelins
Armour
 c - a +1 helmet (worn)
 h - a +2 hat of magic resistance
 t - a +2 pair of boots (worn)
 B - a +1 pair of gloves (worn)
 F - a +1 cloak of cold resistance (worn)
 H - a +0 shield (worn)
 M - a +2 plate armour of fire resistance (worn)
Magical devices
 q - a wand of paralysis (13)
 r - a wand of digging (12)
 u - a wand of draining (6)
 v - a wand of fire (3)
 L - a wand of draining (6)
 Q - a wand of digging (6)
 V - a wand of heal wounds (5)
 W - a wand of hasting (3)
 X - a wand of teleportation (3)
 Y - a wand of teleportation (5)
 Z - a wand of teleportation (6)
Comestibles
 f - 2 bread rations
 l - 4 meat rations
Scrolls
 w - 8 scrolls of remove curse
 z - 3 scrolls of blinking
 D - 2 scrolls of enchant weapon I
 E - 2 scrolls of fog
 U - 6 scrolls of identify
Jewellery
 d - an uncursed amulet of clarity
 i - an uncursed ring of protection from cold
 k - an uncursed amulet of warding
 o - an uncursed ring of see invisible
 s - the ring "Shrem" (right hand) {Wiz rPois}
   (You found it on level 3 of the Snake Pit)

   [ring of wizardry]

   It protects you from poison.
 x - a ring of protection from fire (left hand)
 y - an amulet of conservation (around neck)
 A - an uncursed ring of sustain abilities
 G - an uncursed ring of protection from cold
 R - an uncursed ring of fire
Potions
 e - a potion of agility
 g - a potion of beneficial mutation
 j - a potion of resistance
 m - 3 potions of restore abilities
 I - 2 potions of brilliance
 K - 5 potions of curing
 N - a potion of flight
 O - a potion of berserk rage
 S - 3 potions of heal wounds
 T - a potion of invisibility
Books
 p - a manual of Throwing


   Skills:
 - Level 12.0 Fighting
 - Level 16.0 Maces & Flails
 + Level 17.9 Armour
 - Level 15.0 Shields
 - Level 12.0 Invocations


You had 16 spell levels left.
You didn't know any spells.

Dungeon Overview and Level Annotations

Branches:
Dungeon (15/15)            Temple (1/1) D:5             Orc (4/4) D:10
    Elf (0/3) Orc:4          Lair (8/8) D:9           Swamp (5/5) Lair:6
  Snake (5/5) Lair:4        Slime (0/6) Lair:6       Vaults (0/5) D:14
 Depths (0/5) D:15

Altars:
Ashenzari
Cheibriados
Dithmenos
Elyvilon
Fedhas
Kikubaaqudgha
Makhleb
Nemelex Xobeh
Okawaru
Sif Muna
Trog
Vehumet
Xom
Yredelemnul
The Shining One
Jiyva
Lugonu

Shops:
D:4 %   D:8 ?[[*}   D:9 %   Orc:2 :   Orc:4 (([?   Snake:2 ?

Annotations:
D:7 exclusion: 2 electric eels
D:15 Nessos
Snake:4 exclusion: silver statue


Innate Abilities, Weirdness & Mutations

You are resistant to damage.
You can recharge devices by infusing magical energy.
You resist negative energy.
You passively map the area around you.
You do not heal naturally.


Message History

The shock serpent bites you but does no damage.
A naga and a greater naga come into view.
You sock the shock serpent!
The shock serpent is severely wounded.
The shock serpent's electric aura discharges!
The lightning shocks you.
Your blizzard demon waves its arms in wide circles.
The shock serpent is struck by the twisting air!
The shock serpent's electric aura discharges!
The lightning shocks you.
* * * LOW HITPOINT WARNING * * *
The shock serpent bites you!
* * * LOW HITPOINT WARNING * * *
The shock serpent shocks you!
* * * LOW HITPOINT WARNING * * *
Drink which item? (? for menu, Esc to quit)
You feel yourself speed up. The shock serpent bites you!
* * * LOW HITPOINT WARNING * * *
The shock serpent shocks you!
You die...

** * ##.## * ,* ##...##
, ,#.###.# * * *
##.##### ####...####
#####.........####.
*...................**
**
,,...........2........
, ,
,........#.#@........,,
,....###..S###...... ,
* ,..##.....S.. ##.!.,
,, ,, # ...........,
#., * ,...............
,, * , ....^..^..... ,
, , , ,......N.... ,, ,
,....NN... , ,,, ... ,
, ,,* ,


You could see a naga warrior, a greater naga, a shock serpent, a black mamba, a
naga and a friendly blizzard demon.

Vanquished Creatures
  An Ice Fiend (IceCv)
  2 thorn hunters (Swamp:4)
  Frances (Swamp:1)
  Agnes (Snake:4)
  A greater naga (Snake:4)
  Gastronok (D:13)
  Snorg (D:15)
  A ravenous feature mimic (Swamp:3)
  Harold (Lair:6)
  16 hydras
  2 shambling mangroves (Swamp:3)
  A minotaur (Lab)
  A vault guard (D:14)
  9 death yaks (Lair:8)
  5 naga warriors
  A deep troll shaman (Lair:8)
  10 anacondas
  A plague shambler (D:15)
  The ghost of namelastname112 the Black Belt, an experienced MfMo of Okawaru (D:9)
  A catoblepas (Lair:8)
  3 shock serpents
  A centaur warrior (Orc:4)
  8 naga sharpshooters
  4 alligators
  A salamander mystic (Snake:3)
  4 skeletal warriors (D:14)
  5 ice devils (IceCv)
  4 orc knights
  2 sea snakes (Snake:1)
  An ice statue (IceCv)
  A spriggan druid (Swamp:4)
  4 hill giants
  Joseph (D:7)
  2 naga ritualists
  A phantasmal warrior (D:14)
  A frost giant zombie (D:15)
  A swamp dragon (Swamp:3)
  4 elephants
  A necromancer (Swamp:4)
  A stone giant skeleton (D:15)
  3 cyclopes
  A red wasp (shapeshifter) (D:14)
  21 black mambas
  5 unseen horrors
  2 guardian serpents
  2 red wasps
  A feature mimic (Lair:3)
  A vapour (Swamp:3)
  5 gargoyles
  5 naga magi
  11 slime creatures
  A centaur zombie (D:13)
  A queen ant (Lair:2)
  17 spiny frogs
  2 fire drakes
  An efreet (D:15)
  8 salamanders
  2 golden dragon simulacra (IceCv)
  4 anaconda simulacra (IceCv)
  Grinder (D:4)
  5 yaktaurs (D:15)
  5 komodo dragons
  A hydra zombie (D:15)
  6 freezing wraiths (IceCv)
  5 trolls
  3 giant leeches
  A red wasp zombie (Swamp:4)
  4 giant fireflies
  A queen bee (shapeshifter) (D:15)
  5 bog bodies
  2 dire elephant simulacra (IceCv)
  2 blink frogs (Lair:5)
  A kobold demonologist (D:14)
  6 mana vipers
  29 yaks
  A thorn lotus (Swamp:4)
  3 wraiths
  2 shadows
  A fire dragon skeleton (D:14)
  6 humans
  6 spriggans
  An elephant slug (Lair:7)
  2 hill giant zombies (D:14)
  A grizzly bear (Lair:5)
  2 hill giant skeletons
  10 hippogriffs
  A wyvern (Lair:8)
  7 ravens
  2 death yak simulacra (IceCv)
  26 wolves
  A steam dragon (D:9)
  14 vampire mosquitoes
  A plague shambler skeleton (D:15)
  14 ugly things
  A necrophage (D:9)
  A hydra simulacrum (IceCv)
  5 harpy simulacra (IceCv)
  20 soldier ants (Lair:2)
  12 porcupines
  A chaos spawn (D:14)
  An iron troll simulacrum (IceCv)
  25 nagas
  6 phantoms
  47 orc warriors
  4 giant goldfish
  A swamp dragon zombie (Swamp:4)
  32 water moccasins
  24 swamp worms
  A black bear (Lair:8)
  5 sky beasts
  2 boring beetles
  2 ice beasts
  7 ogres
  25 centaurs
  13 giant slugs
  Duvessa (Orc:1)
  12 crocodiles
  A giant slug zombie (D:14)
  A boring beetle (shapeshifter) (D:13)
  A silver statue (D:14)
  A cyclops zombie (D:15)
  An ugly thing skeleton (D:15)
  14 giant frogs
  A shapeshifter zombie (D:15)
  6 killer bees
  4 scorpions
  An electric eel (Lair:6)
  15 wights
  3 swamp drakes
  Dowan (Orc:1)
  5 quasits
  An elf zombie (D:8)
  9 crimson imps
  2 draconian simulacra (IceCv)
  2 giant frog zombies
  A goliath beetle (D:8)
  17 orc priests
  4 big fish
  A kobold zombie (D:9)
  9 hounds
  7 jellies
  3 centaur skeletons
  27 orc wizards
  3 giant frog skeletons
  26 worker ants
  14 iguanas
  4 troll simulacra (IceCv)
  Natasha (twice) (D:5)
  A polar bear simulacrum (IceCv)
  A crocodile zombie (Swamp:4)
  34 sheep
  2 centaur simulacra (IceCv)
  2 ogre skeletons
  A mummy (D:12)
  44 green rats
  47 adders
  14 gnolls
  An orc zombie (D:9)
  A swamp drake zombie (Swamp:4)
  3 shadow imps
  2 naga simulacra (IceCv)
  5 white imps
  2 giant mites
  6 worms
  A swamp drake simulacrum (Swamp:4)
  6 ufetubi (IceCv)
  An iguana zombie (D:5)
  2 adder skeletons
  An adder zombie (D:6)
  An iguana skeleton (D:9)
  2 giant eyeballs
  12 giant geckos
  12 oozes
  140 orcs
  12 ball pythons
  15 bats
  4 giant cockroaches
  40 goblins
  26 hobgoblins
  33 jackals
  14 quokkas
  A giant gecko skeleton (D:6)
  4 giant newts
  A hobgoblin skeleton (D:9)
  14 kobolds
  A kobold skeleton (D:8)
  A quokka skeleton (D:5)
  A quokka zombie (D:6)
  42 rats
  4 ballistomycetes (D:12)
  A briar patch (Swamp:4)
  A bush (D:11)
  A fungus (Lair:5)
  A plant (Lair:8)
1375 creatures vanquished.

Vanquished Creatures (collateral kills)
  Rupert (Lair:8)
  The ghost of Sedillia the Executioner, a mighty MiFi of Trog (Swamp:1)
  An orc warlord (Bailey)
  Wiglaf (Snake:4)
  The ghost of Tabbe the Nimble, a powerful KoBe of Trog (D:11)
  Erica (Lair:8)
  A shock serpent (Snake:5)
  A naga sharpshooter (Snake:5)
  The ghost of Placentus the Spear-Bearer, an experienced MiFi of Okawaru (Bailey)
  4 elephants (Lair:8)
  A guardian serpent (Snake:5)
  A black mamba (Snake:5)
  A wolf (Lair:8)
  3 water moccasins
  An orc warrior (Bailey)
  A gnoll (Bailey)
  4 goblins (Bailey)
  A hobgoblin (Bailey)
  2 bushes (Lair:8)
  4 fungi (Lair:8)
32 creatures vanquished.

Vanquished Creatures (others)
  Pikel (D:5)
  A necromancer (D:15)
  A guardian serpent (Snake:5)
  2 hellwings
  4 slaves (D:5)
  2 orc wizards
  A sheep (Lair:7)
  A white imp (Bailey)
  An ufetubus (IceCv)
  2 giant spores (D:12)
  8 fungi
  A plant (Lair:8)
25 creatures vanquished.

Grand Total: 1432 creatures vanquished

Notes
Turn   | Place    | Note
--------------------------------------------------------------
     0 | D:1      | Maka, the Deep Dwarf Fighter, began the quest for the Orb.
     0 | D:1      | Reached XP level 1. HP: 20/20 MP: 1/1
   144 | D:1      | Reached XP level 2. HP: 27/27 MP: 2/2
   704 | D:1      | Reached XP level 3. HP: 33/33 MP: 3/3
   892 | D:2      | Reached skill level 4 in Maces & Flails
   923 | D:2      | Reached XP level 4. HP: 31/40 MP: 4/4
  1411 | D:3      | Reached XP level 5. HP: 13/46 MP: 5/5
  1700 | D:3      | Reached skill level 5 in Maces & Flails
  1750 | D:3      | Found a glowing drain.
  1769 | Sewer    | Entered a sewer
  2186 | D:4      | Reached skill level 6 in Maces & Flails
  2219 | D:4      | Noticed a phantom
  2237 | D:4      | Killed a phantom
  2237 | D:4      | Reached XP level 6. HP: 30/56 MP: 6/6
  2287 | D:4      | Found Puaziada's Food Boutique.
  2544 | D:4      | Reached XP level 7. HP: 19/64 MP: 6/6
  2554 | D:4      | Reached skill level 7 in Maces & Flails
  2627 | D:4      | Noticed a phantom
  2648 | D:4      | Killed a phantom
  2957 | D:4      | Noticed Grinder
  2972 | D:4      | Killed Grinder
  2972 | D:4      | Reached skill level 5 in Armour
  2972 | D:4      | Reached XP level 8. HP: 32/72 MP: 7/7
  3073 | D:5      | Entered Level 5 of the Dungeon
  3104 | D:5      | Reached skill level 8 in Maces & Flails
  3387 | D:5      | Killed Pikel
  3439 | D:5      | Noticed Natasha
  3449 | D:5      | Killed Natasha
  3449 | D:5      | Reached skill level 9 in Maces & Flails
  3465 | D:5      | Found a staircase to the Ecumenical Temple.
  3475 | Temple   | Entered the Ecumenical Temple
  3506 | Temple   | Became a worshipper of Makhleb the Destroyer
  3792 | D:6      | Noticed a slime creature
  3811 | D:5      | Acquired Makhleb's first power
  3856 | D:5      | Noticed Natasha
  3863 | D:5      | Killed Natasha
  4132 | D:6      | Reached skill level 10 in Maces & Flails
  4217 | D:6      | Gained mutation: You passively map the area around you. [level up]
  4217 | D:6      | Reached XP level 9. HP: 40/78 MP: 8/8
  4272 | D:6      | Acquired Makhleb's second power
  4322 | D:6      | Reached skill level 1 in Invocations
  4437 | D:6      | Found a basalt altar of Yredelemnul.
  5045 | D:7      | Noticed Joseph
  5078 | D:7      | Killed Joseph
  5078 | D:7      | Reached skill level 11 in Maces & Flails
  5135 | D:7      | Acquired Makhleb's third power
  5332 | D:7      | Reached skill level 5 in Shields
  5422 | D:8      | Found Basas' Gadget Boutique.
  5425 | D:8      | Found Shakhihe's Armour Emporium.
  5451 | D:8      | Bought a +2 pair of gloves for 174 gold pieces
  5648 | D:8      | Found Qoill's Armour Boutique.
  5666 | D:8      | Found Irae's Magic Scroll Boutique.
  5791 | D:8      | Acquired Makhleb's fourth power
  5808 | D:8      | Found an iron altar of Okawaru.
  5808 | D:8      | Found a glowing golden altar of the Shining One.
  5853 | D:8      | Reached skill level 12 in Maces & Flails
  5853 | D:8      | Reached XP level 10. HP: 85/85 MP: 11/11
  5869 | D:8      | Found a deep blue altar of Sif Muna.
  5924 | D:8      | Paralysed by a giant eyeball for 3 turns
  5949 | D:8      | Paralysed by a giant eyeball for 4 turns
  5956 | D:8      | Paralysed by a giant eyeball for 2 turns
  5963 | D:8      | Found Belituc's General Store.
  6273 | D:8      | Bought a scroll of identify for 28 gold pieces
  6275 | D:8      | Bought a scroll of identify for 28 gold pieces
  6639 | D:9      | Reached skill level 13 in Maces & Flails
  6675 | D:9      | Found a staircase to the Lair.
  6708 | Lair:1   | Entered Level 1 of the Lair of Beasts
  6720 | Lair:1   | Acquired Makhleb's fifth power
  7379 | D:9      | Found Klaetaes' Food Boutique.
  7605 | D:9      | Reached skill level 14 in Maces & Flails
  7755 | D:9      | Noticed namelastname112's ghost (experienced MfMo)
  7781 | D:9      | Killed namelastname112's ghost
  7932 | Lair:1   | Reached XP level 11. HP: 79/92 MP: 12/12
  8524 | Lair:2   | Found a bloodstained altar of Trog.
  8765 | Lair:2   | Reached skill level 5 in Fighting
  9904 | Lair:4   | Found a staircase to the Snake Pit.
  9921 | Lair:4   | Reached skill level 5 in Invocations
 10055 | Lair:4   | Reached XP level 12. HP: 102/111 MP: 20/20
 10211 | Lair:4   | Found a white marble altar of Elyvilon.
 11376 | Lair:6   | Noticed Harold
 11392 | Lair:5   | Reached skill level 10 in Shields
 11419 | Lair:6   | Killed Harold
 11595 | Lair:6   | Found a staircase to the Swamp.
 11759 | Lair:6   | Noticed a five-headed hydra
 11773 | Lair:6   | Killed a five-headed hydra
 11782 | Lair:6   | Found a viscous altar of Jiyva.
 11783 | Lair:6   | Found a staircase to the Slime Pits.
 11826 | Lair:6   | Noticed a five-headed hydra
 11837 | Lair:6   | Killed a five-headed hydra
 12415 | Lair:7   | Reached XP level 13. HP: 118/121 MP: 21/21
 12701 | Lair:8   | Entered Level 8 of the Lair of Beasts
 12770 | Lair:8   | Reached skill level 10 in Armour
 12879 | Lair:8   | Noticed Rupert
 12908 | Lair:8   | Killed Rupert
 12986 | Lair:8   | Noticed Erica
 12994 | Lair:8   | Killed Erica
 13810 | Lair:8   | Reached skill level 15 in Shields
 14315 | D:10     | Entered Level 10 of the Dungeon
 14437 | D:10     | Found a flagged portal.
 14448 | Bailey   | Entered a bailey
 14456 | Bailey   | Noticed Placentus' ghost (experienced MiFi)
 14475 | Bailey   | Killed Placentus' ghost
 14839 | Bailey   | Noticed an orc warlord
 14873 | Bailey   | Killed an orc warlord
 14873 | Bailey   | Reached skill level 10 in Fighting
 15090 | D:10     | Gained mutation: You resist negative energy. [level up]
 15090 | D:10     | Reached XP level 14. HP: 132/132 MP: 22/22
 15122 | D:10     | Found a staircase to the Orcish Mines.
 15424 | D:10     | Found a basalt altar of Yredelemnul.
 15595 | D:11     | Noticed Tabbe's ghost (powerful KoBe)
 15652 | D:11     | Found a labyrinth entrance.
 15714 | Lab      | Entered a labyrinth
 15851 | Lab      | Identified a +6 rod of striking (10/10) (You found it in a labyrinth)
 15907 | D:11     | Killed Tabbe's ghost
 16266 | D:11     | Found a snail-covered altar of Cheibriados.
 16385 | D:11     | Paralysed by a giant eyeball for 2 turns
 17219 | D:13     | Reached skill level 15 in Maces & Flails
 17267 | D:13     | Noticed Gastronok
 17292 | D:13     | Killed Gastronok
 17798 | D:14     | Found a corrupted altar of Lugonu.
 17871 | D:14     | Found a shattered altar of Ashenzari.
 18055 | Orc:1    | Entered Level 1 of the Orcish Mines
 18152 | Orc:1    | Noticed Duvessa
 18153 | Orc:1    | Noticed Dowan
 18159 | Orc:1    | Killed Duvessa
 18165 | Orc:1    | Killed Dowan
 19104 | Orc:2    | Found Liraur's Book Shop.
 19163 | Orc:4    | Entered Level 4 of the Orcish Mines
 19345 | Orc:4    | Found a staircase to the Elven Halls.
 19915 | Orc:4    | Found Treaqeec's Antique Armour Shoppe.
 19915 | Orc:4    | Found Esua's Weapon Shop.
 19918 | Orc:4    | Found Petotiva's Antique Weapon Boutique.
 19920 | Orc:4    | Found Klengix's Magic Scroll Emporium.
 19942 | Orc:4    | Reached skill level 16 in Maces & Flails
 20009 | Orc:4    | Bought a runed shield for 112 gold pieces
 20028 | Orc:4    | Bought a scroll of acquirement for 624 gold pieces
 20029 | Orc:4    | Bought a scroll of recharging for 114 gold pieces
 20042 | Orc:4    | Bought a distressingly furry scale mail for 225 gold pieces
 20059 | Orc:4    | Identified the cursed -1 scale mail of Dawn {rPois rN+ Int-1 SInv} (You bought it in a shop on level 4 of the Orcish Mines)
 21139 | D:14     | Found a gate to the Vaults.
 21474 | D:15     | Entered Level 15 of the Dungeon
 21474 | D:15     | Noticed Snorg
 21493 | D:15     | Killed Snorg
 21517 | D:15     | Noticed Nessos
 21894 | D:15     | Found a staircase to the Depths.
 22141 | D:15     | Reached XP level 15. HP: 110/140 MP: 23/23
 23224 | Swamp:1  | Entered Level 1 of the Swamp
 23370 | Swamp:1  | Noticed Frances
 23395 | Swamp:1  | Killed Frances
 23412 | Swamp:1  | Noticed Sedillia's ghost (mighty MiFi)
 23812 | Swamp:1  | Killed Sedillia's ghost
 23998 | Swamp:2  | Got a steaming mace
 23999 | Swamp:2  | Identified the +0,+4 mace "Uxkaikha" {crush, Contam MR++ Dex+1} (You found it on level 2 of the Swamp)
 24705 | Swamp:3  | Reached skill level 10 in Invocations
 25221 | Swamp:4  | Noticed a thorn hunter
 25238 | Swamp:4  | Killed a thorn hunter
 25330 | Swamp:5  | Entered Level 5 of the Swamp
 25330 | Swamp:5  | Noticed a thorn hunter
 25442 | Swamp:4  | Identified the Volume of the Entourage (You found it on level 4 of the Swamp)
 25804 | Swamp:5  | Noticed a thorn hunter
 25843 | Swamp:4  | Killed a thorn hunter
 25843 | Swamp:4  | Reached XP level 16. HP: 143/152 MP: 26/26
 26128 | Snake:1  | Entered Level 1 of the Snake Pit
 26492 | Snake:1  | Reached skill level 15 in Armour
 26842 | Snake:2  | Found Khoist's Magic Scroll Shop.
 27014 | Snake:2  | Found a frozen archway.
 27034 | IceCv    | Entered an ice cave
 27555 | IceCv    | Noticed an Ice Fiend
 27605 | IceCv    | Killed an Ice Fiend
 28398 | Snake:3  | Got a twitching golden ring
 28399 | Snake:3  | Identified the ring "Shrem" {Wiz rPois} (You found it on level 3 of the Snake Pit)
 29264 | Snake:4  | Noticed Agnes
 29284 | Snake:4  | Killed Agnes
 29397 | Snake:4  | Reached skill level 17 in Armour
 29959 | Snake:5  | Entered Level 5 of the Snake Pit
 29972 | Snake:5  | Reached XP level 17. HP: 159/159 MP: 28/28
 30001 | Snake:5  | Noticed Wiglaf
 30062 | Snake:4  | Killed Wiglaf
 30247 | Snake:5  | HP: 3/159 [shock serpent (9)]
 30248 | Snake:5  | HP: 1/159 [shock serpent (2)]
 30248 | Snake:5  | Slain by a shock serpent

Action                   |  1- 3 |  4- 6 |  7- 9 | 10-12 | 13-15 | 16-18 || total
-------------------------+-------+-------+-------+-------+-------+-------++-------
Melee: Flail             |   104 |   307 |   591 |  1618 |   724 |       ||  3344
       Morningstar       |       |       |       |       |  2232 |  1096 ||  3328
Throw: Tomahawk          |       |       |     7 |       |       |       ||     7
       Throwing net      |       |       |     1 |     1 |       |       ||     2
       Javelin           |       |       |       |       |     2 |       ||     2
Invok: Lesser Servant of |       |       |       |     1 |     6 |       ||     7
       Greater Servant o |       |       |       |       |     1 |     1 ||     2
 Abil: Device Recharging |       |     1 |     1 |       |     1 |       ||     3
Evoke: Wand              |       |     3 |     6 |    14 |    37 |     1 ||    61
  Use: Scroll            |       |    16 |     7 |    10 |    17 |     9 ||    59
       Potion            |       |     2 |     3 |     2 |     9 |     6 ||    22
 Stab: Distracted        |       |       |       |     1 |     3 |       ||     4
